 Dungeon Crawl Stone Soup version 0.25-a0-189-gf71692caf1 (webtiles) character file.

Game seed: 17550001604361139773, levelgen mode: deterministic

618 Denox the Skirmisher (level 7, -6/64 HPs)
             Began as a Minotaur Abyssal Knight on Nov 29, 2019.
             Was a Believer of Lugonu.
             Mangled by an orc wizard
             ... wielding a +1 dagger of electrocution
              (12 damage)
             ... on level 4 of the Dungeon.
             The game lasted 00:22:39 (3916 turns).

Denox the Skirmisher (Minotaur Abyssal Knight)      Turns: 3916, Time: 00:22:40

Health: -6/64      AC: 12    Str: 18    XL:     7   Next: 21%
Magic:  8/8        EV:  7    Int:  9    God:    Lugonu [**....]
Gold:   169        SH:  0    Dex: 10    Spells: 6/6 levels left

rFire    . . .     SeeInvis .   j - +1 mace (drain)
rCold    . . .     Gourm    .   (no shield)
rNeg     . . .     Faith    .   a - +0 chain mail
rPois    .         Spirit   .   (helmet restricted)
rElec    .         Reflect  .   b - +2 cloak
rCorr    .         Harm     .   (no gloves)
MR       .....                  (no boots)
Stlth    ..........             (no amulet)
HPRegen  0.20/turn              (no ring)
MPRegen  0.11/turn              (no ring)

@: no status effects
A: retaliatory headbutt, horns 2
a: Depart the Abyss, Bend Space, Renounce Religion


You were on level 4 of the Dungeon.
You worshipped Lugonu.
Lugonu was pleased with you.
You were hungry.

You visited 1 branch of the dungeon, and saw 4 of its levels.
You visited the Abyss 1 time.

You collected 169 gold pieces.

Inventory:

Hand Weapons
 j - a +1 mace of draining (weapon)
Armour
 a - a +0 chain mail (worn)
 b - a +2 cloak (worn)
Scrolls
 e - 2 scrolls of amnesia
 f - 2 scrolls of identify
Potions
 h - a potion of magic
Comestibles
 c - 9 rations


   Skills:
 * Level 6.9 Fighting
 * Level 6.4 Maces & Flails
 + Level 3.5 Armour
 - Level 1.1 Dodging
 - Level 3.1 Invocations


You had 6 spell levels left.
You didn't know any spells.
Your spell library was empty.

Dungeon Overview and Level Annotations

Branches:
Dungeon (4/15)
 Temple: D:4-7

Altars:
Fedhas
Kikubaaqudgha
Ru
Trog
Vehumet
Xom
Zin

Annotations:
D:2 1 runed translucent door, Crazy Yiuf
D:3 Sigmund


Innate Abilities, Weirdness & Mutations

You reflexively headbutt those who attack you in melee.
You have a pair of horns on your head.


Message History

You easily resist.
Found a stone staircase leading down.
There is a stone staircase leading down here.
The orc wizard casts a spell at you.
The magic dart hits you but does no damage.
The orc wizard seems less drained.
The orc wizard gestures at you while chanting.
You are confused.
Your magic is already full.
You're too confused to move!
You bump into the rock wall.
The orc wizard points at you and mumbles some strange words.
The magic dart hits you.
* * * LOW HITPOINT WARNING * * *
You feel less confused.
You hit the orc wizard but do no damage.
The orc wizard is almost dead.
The orc wizard hits you but does no damage.
You are electrocuted!
You die...

.# ##..# ##..# ##o...# .##
##..# #..# ##...## ..##
#...# #..# ##..o# #..##
#...# #...## ##..# #...##
#...# #...## ##.# ##...###
#....### #...## #.#
#.....## #.....##
#....###o# ##.....###
#......###........# #
#.......#
#...@oo......######
###...........####..##..##
.....#############.###.##
.......... .........>..#
####.###.# ######.######
.# ... .. ..... ... ...
...... ... .... #####.


You could see an orc wizard and an orc.

Vanquished Creatures
  3 phantoms
  A big kobold (D:4)
  An orc priest (D:4)
  Jessica (D:2)
  Terence (D:2)
  An orc wizard (D:4)
  A hound skeleton (D:4)
  Robin (D:3)
  4 adders
  2 oozes (D:2)
  4 worms
  2 dart slugs
  3 leopard geckos
  4 orcs (D:4)
  A ball python (D:1)
  A giant cockroach (D:2)
  12 goblins
  8 hobgoblins
  9 jackals
  6 kobolds
  3 quokkas
  7 bats
  8 frilled lizards
  4 rats
88 creatures vanquished.

Notes
Turn   | Place    | Note
-------+----------+-------------------------------------------
     0 | Abyss:1  | Denox the Minotaur Abyssal Knight began the quest for the
                  | Orb.
     0 | Abyss:1  | Reached XP level 1. HP: 19/19 MP: 1/1
     0 | D:1      | Escaped the Abyss
   279 | D:1      | You fall into a shaft and drop 1 floor!
   281 | D:2      | Noticed Jessica
   312 | D:1      | Reached * piety under Lugonu
   524 | D:1      | Reached XP level 2. HP: 26/27 MP: 2/2
  1175 | D:2      | Reached XP level 3. HP: 25/33 MP: 3/3
  1270 | D:2      | Noticed Terence
  1289 | D:2      | Killed Terence
  1319 | D:2      | Reached XP level 4. HP: 39/41 MP: 4/4
  1866 | D:2      | Killed Jessica
  1866 | D:2      | Reached skill level 5 in Fighting
  2008 | D:2      | Found a runed translucent door.
  2009 | D:2      | Noticed Crazy Yiuf
  2150 | D:2      | You fall into a shaft and drop 1 floor!
  2216 | D:3      | Noticed Robin
  2224 | D:3      | Reached XP level 5. HP: 43/48 MP: 6/6
  2229 | D:3      | Killed Robin
  2230 | D:3      | Reached ** piety under Lugonu
  2351 | D:3      | Found a shimmering altar of Xom.
  2352 | D:3      | Found a glowing silver altar of Zin.
  2353 | D:3      | Found a sacrificial altar of Ru.
  2354 | D:3      | Found a bloodstained altar of Trog.
  2355 | D:3      | Found a blossoming altar of Fedhas.
  2358 | D:3      | Found a radiant altar of Vehumet.
  2589 | D:3      | Found an ancient bone altar of Kikubaaqudgha.
  2589 | D:3      | Noticed a phantom
  2622 | D:3      | Killed a phantom
  2622 | D:3      | Reached skill level 5 in Maces & Flails
  2803 | D:3      | Noticed Sigmund
  3020 | D:3      | Reached XP level 6. HP: 56/57 MP: 7/7
  3734 | D:4      | Reached XP level 7. HP: 64/64 MP: 8/8
  3916 | D:4      | Mangled by an orc wizard

Levels and vault maps discovered:
D:1:      dpeg_arrival_concentric_ovals, layout_basic
D:2:      layout_loops_ring, first_ration, uniq_crazy_yiuf_cottage,
          uniq_jessica, uniq_terence
D:3:      layout_basic, old_standard_altar, grunt_temple_overflow_open,
          uniq_robin, uniq_sigmund
D:4:      minmay_thick_lines, layout_basic, uniq_menkaure

Skill      XL: |  1  2  3  4  5  6 |
---------------+-------------------+-----
Invocations    | 2 3 |  3.1
Fighting       | 4 5 6 |  6.9
Maces & Flails | 3 4 5 6 |  6.4
Armour         | 3 |  3.5
Dodging        | |  1.1

Action                   |  1- 3 |  4- 6 |  7- 9 || total
-------------------------+-------+-------+-------++-------
Melee: Mace              |    64 |   139 |    34 ||   237
       Headbutt          |    11 |    17 |     5 ||    33
Invok: Depart the Abyss  |     1 |       |       ||     1
       Bend Space        |       |       |     1 ||     1
  Use: Scroll            |     5 |     4 |     1 ||    10
       Potion            |       |     3 |       ||     3
  Eat: Chunk             |     1 |     7 |     1 ||     9
Armor: Leather armour    |    10 |    17 |       ||    27
       Skin              |       |    17 |       ||    17
       Ring mail         |       |     7 |       ||     7
       Chain mail        |       |     5 |    42 ||    47
Dodge: Dodged            |    35 |    62 |     8 ||   105

Table legend:
 A = Non-vault XP
 B = Vault XP
 C = Vault XP percentage of total XP
 D = Non-vault monster count
 E = Vault monster count
 F = Vault count percentage of total count
                 A         B        C        D         E       F
            +---------+---------+-------+---------+---------+-------
      Total |     641 |     243 |  27.5 |      72 |      16 |  18.2
            +---------+---------+-------+---------+---------+-------
        D:1 |      28 |       0 |   0.0 |      17 |       0 |   0.0
        D:2 |      91 |      73 |  44.5 |      22 |       2 |   8.3
        D:3 |     157 |      35 |  18.2 |      16 |      11 |  40.7
        D:4 |     365 |     135 |  27.0 |      17 |       3 |  15.0
            +---------+---------+-------+---------+---------+-------
